 Dungeon Crawl Stone Soup version 0.30.0 (webtiles) character file.

Game seed: 4912820201869259088

6279 GloriousHammer the Basher (level 10, -9/104 HPs)
             Began as an Ogre Ice Elementalist on May 6, 2023.
             Was an Elder of Fedhas.
             Killed from afar by an acid dragon (24 damage)
             ... with a splash of acid
             ... on level 8 of the Dungeon.
             The game lasted 00:28:44 (12160 turns).

GloriousHammer the Basher (Ogre Ice Elementalist)  Turns: 12160, Time: 00:28:45

Health: -9/104     AC:  4    Str: 14    XL:     10   Next: 94%
Magic:  14/17      EV:  9    Int: 26    God:    Fedhas [****..]
Gold:   307        SH:  7    Dex:  9    Spells: 5/19 levels left

rFire   . . .        E - +0 flail (protect)
rCold   . . .        A - +0 kite shield
rNeg    + . .        u - +1 robe {rN+}
rPois   +            (helmet restricted)
rElec   .            (no cloak)
rCorr   .            (gloves unavailable)
SInv    .            (boots unavailable)
Will    +....        (no amulet)
Stlth   +            v - +6 ring of intelligence
HPRegen 0.37/turn    P - ring of poison resistance
MPRegen 0.15/turn

%: no passive effects
@: no status effects
A: large, unfitting armour, tough skin 1
a: Renounce Religion, Wall of Briars, Grow Ballistomycete, Overgrow


You were on level 8 of the Dungeon.
You worshipped Fedhas.
Fedhas was greatly pleased with you.
You visited 2 branches of the dungeon, and saw 9 of its levels.

You collected 461 gold pieces.
You spent 154 gold pieces at shops.

Inventory:

Hand Weapons
 a - a +1 whip of freezing
 b - a +0 sling
 y - a +5 dire flail
 D - a +1 short sword of protection
 E - a +0 flail of protection (weapon)
Missiles
 l - 12 boomerangs
 m - 18 poisoned darts
 r - 4 boomerangs of dispersal (quivered)
 x - 3 atropa-tipped darts
Armour
 u - a +1 robe of positive energy (worn)
 A - a +0 kite shield (worn)
Jewellery
 v - a +6 ring of intelligence (left hand)
 C - a ring of ice
 M - a ring of magical power
 P - a ring of poison resistance (right hand)
 S - a +6 ring of strength
Wands
 z - a wand of roots (8)
Scrolls
 e - a scroll of enchant weapon
 h - 2 scrolls of teleportation
 j - 2 scrolls of fog
 k - a scroll of magic mapping {unknown}
 n - 6 scrolls of enchant armour
 s - 3 scrolls of silence
 I - 3 scrolls of identify
Potions
 c - 6 potions of heal wounds
 f - a potion of invisibility {unknown}
 g - a potion of magic
 i - 3 potions of resistance {unknown}
 o - 4 potions of curing
 p - 2 potions of degeneration {unknown}
 q - a potion of mutation {unknown}
 t - 2 potions of attraction {unknown}
 w - a potion of flight {unknown}
 B - 2 potions of might {unknown}


   Skills:
 + Level 8.2 Fighting
 * Level 8.2 Maces & Flails
 + Level 6.1 Dodging
 - Level 1.4 Stealth
 * Level 1.6 Shields
 - Level 5.0 Spellcasting
 - Level 2.0 Summonings
 + Level 3.6 Translocations
 - Level 5.2 Ice Magic
 + Level 6.5 Invocations


You had 5 spell levels left.
You knew the following spells:

 Your Spells              Type           Power      Damage    Failure   Level
a - Freeze                Ice            100%       1d10      3%          1
b - Frozen Ramparts       Ice            66%        1d10      10%         3
c - Ozocubu's Armour      Ice            33%        N/A       10%         3
d - Summon Ice Beast      Ice/Summ       25%        N/A       52%         4
e - Teleport Other        Tloc           25%        N/A       19%         3

Your spell library contained the following spells:

 Spells                   Type           Power      Damage    Failure   Level
 Lesser Beckoning         Tloc           50%        N/A       9%          2
 Ensorcelled Hibernation  Hex/Ice        40%        N/A       14%         2
 Gell's Gravitas          Tloc           25%        N/A       19%         3
 Sandblast                Erth           12%        2d6       26%         1
 Sting                    Tmut/Pois      24%        1d4       26%         1
 Passwall                 Tmut/Erth      5%         N/A       38%         2
 Poisonous Vapours        Pois/Air       12%        N/A       38%         2
 Spider Form              Tmut/Pois      6%         N/A       63%         3
 Stone Arrow              Conj/Erth      12%        3d7       63%         3
 Anguish                  Hex/Necr       3%         N/A       95%         4
 Olgreb's Toxic Radiance  Pois           6%         N/A       95%         4


Dungeon Overview and Level Annotations

Branches:
Dungeon (8/15)             Temple (1/1) D:4
   Lair: D:8-11

Altars:
Ashenzari
Cheibriados
Dithmenos
Fedhas
Hepliaklqana
Kikubaaqudgha
Nemelex Xobeh
Okawaru
Qazlal
Ru
Trog
Uskayaw
Vehumet
Wu Jian
Xom
Yredelemnul
Zin
The Shining One

Shops:
D:4 *   D:7 *

Annotations:
D:5 exclusion: downstairs


Innate Abilities, Weirdness & Mutations

You are too large for most types of armour.
You have tough skin. (AC +1)


Message History

You see here a +0 leather armour.
Casting: Frozen Ramparts (dangerous; 10% risk of failure)
Confirm with . or Enter, or press ? or * to list all spells.
Casting: Frozen Ramparts (dangerous; 10% risk of failure)
Press: ? - help, Dir - look around, f - activate The walls around you are covered in ice.
The wall freezes the wyvern but does no damage.
The wyvern closely misses you.
You closely miss the wyvern.
The wall freezes the wyvern.
The wyvern bites you!
The wall freezes the wyvern.
You block the wyvern's attack.
An orc priest comes into view. It is wielding a +0 trident.
Casting: Frozen Ramparts (dangerous; 10% risk of failure)
Confirm with . or Enter, or press ? or * to list all spells.
A film of ice covers your body!
The wall freezes the wyvern.
The wyvern bites you but does no damage.
An orc comes into view. It is wielding a +0 war axe.
The wall freezes the wyvern.
The wyvern closely misses you.
You hit the wyvern.
Your weapon exudes an aura of protection.
The wyvern is severely wounded.
The wall freezes the wyvern.
The wyvern bites you but does no damage.
You hit the wyvern.
You kill the wyvern!
Fedhas appreciates your contribution to the ecosystem.
The wall freezes the white imp but does no damage.
The white imp puffs mist at you.
An orc wizard comes into view. It is wielding a +0 dagger.
A deep elf pyromancer comes into view. It is wielding a +0 dagger.
The deep elf pyromancer shouts!
The orc wizard shouts!
You thump the white imp!
You kill the white imp!
Fedhas accepts your kill.
The centaur warrior shoots an arrow.
The arrow hits you.
* * * LOW HITPOINT WARNING * * *
The orc priest calls down the wrath of Beogh upon you.
You resist with significant effort.
The orc throws a boomerang.
The boomerang barely misses you.
The centaur warrior shoots an arrow.
The arrow hits you!!
* * * LOW HITPOINT WARNING * * *
You hear a roar!
Really renounce your faith, foregoing its fabulous benefits?
Okay, then.
A briar patch grows up from the ground. x4
The deep elf pyromancer gestures wildly while chanting.
Send 'em back where they came from!
Your briar patch shudders. x2
Something hits your briar patch.
Something kicks your briar patch but does no damage.
As you read the scroll of teleportation, it crumbles to dust.
You feel strangely unstable.
An orc priest comes into view. It is wielding a +0 club.
Something hits your briar patch but does no damage.
Something kicks your briar patch.
The frozen ramparts melt away.
Something hits your briar patch!
Something kicks your briar patch but does no damage.
The orc priest looks braver for a moment.
An acid dragon comes into view.
Something hits your briar patch but does no damage.
Something kicks your briar patch but does no damage.
Something hits your briar patch! Something kicks your briar patch.
Your briar patch is destroyed!
Your briar patch disappears in a puff of smoke!
Unknown command.
Casting: Ozocubu's Armour (dangerous; 10% risk of failure)
Confirm with . or Enter, or press ? or * to list all spells.
Casting: Frozen Ramparts (dangerous; 10% risk of failure)
Press: ? - help, Dir - look around, f - activate
There is a cloud of blue smoke here.
The walls around you are covered in ice.
The orc shouts!
Your surroundings suddenly seem different.
Your icy armour cracks and falls away as you move.
The frozen ramparts melt away as you move.
You start resting.
Magic restored.
You start resting.
HP restored.
You start waiting.
Done waiting.
You start waiting.
Done waiting.
Items here: ))) [[.
You see here a +0 halberd.
Things that are here:
a +0 short sword; a +0 dagger; a +0 robe
Items here: ))) [[.
There is a fountain of clear blue water here.
Things that are here:
a +0 mace; a +0 leather armour You see here a +0 club.
Casting: Frozen Ramparts (dangerous; 10% risk of failure)
Confirm with . or Enter, or press ? or * to list all spells.
You can't see any susceptible monsters within range! (Use Z to cast anyway.) Unknown command.
Casting: Frozen Ramparts (dangerous; 10% risk of failure)
Confirm with . or Enter, or press ? or * to list all spells.
A film of ice covers your body!
You start resting.
A centaur warrior is nearby!
Casting: Ozocubu's Armour (dangerous; 10% risk of failure)
Confirm with . or Enter, or press ? or * to list all spells.
Casting: Frozen Ramparts (dangerous; 10% risk of failure)
Press: ? - help, Dir - look around, f - activate The walls around you are covered in ice.
The centaur warrior unwields the +9 trident of Ijanelel {holy, rElec rC- rCorr}.
It stops glowing.
The centaur warrior wields a +0 longbow.
The centaur warrior shoots an arrow.
The arrow misses you.
The centaur warrior shoots an arrow.
The arrow hits you!
Aiming: Fastroot
Press: ? - help, Shift-Dir - straight line, f - centaur warrior
Aim: a centaur warrior, wielding a +0 longbow, wearing a +0 robe and wearing the amulet "Usauddij" {Faith rF- rC+ rN+ Str+6} The roots erupt in riotous growth!
Roots grab the centaur warrior.
The grasping roots constrict the centaur warrior.
You hear a roar!
You hear a shout! x4
The centaur warrior shoots an arrow.
The arrow completely misses you.
The centaur warrior struggles to escape constriction.
The grasping roots constrict the centaur warrior.
The roots release their grip on the centaur warrior.
The centaur warrior shoots an arrow.
You block the arrow.
The centaur warrior shoots an arrow.
The arrow hits you!
The centaur warrior shoots an arrow.
You block the arrow.
Unknown command.
Your icy armour and frozen ramparts will break if you move.
Continue?
Your icy armour cracks and falls away as you move.
The frozen ramparts melt away as you move.
Casting: Frozen Ramparts (dangerous; 10% risk of failure)
Confirm with . or Enter, or press ? or * to list all spells.
Casting: Frozen Ramparts (dangerous; 10% risk of failure)
Press: ? - help, Dir - look around, f - activate The walls around you are covered in ice.
The acid dragon roars!
The centaur warrior resists.
The wall freezes the centaur warrior.
The centaur warrior unwields a +0 longbow.
The centaur warrior wields the +9 trident of Ijanelel {holy, rElec rC- rCorr}.
It softly glows with a divine radiance!
The centaur warrior hits you with the +9 trident of Ijanelel {holy, rElec rC- rCorr}!
The centaur warrior kicks you but does no damage.
The wall freezes the centaur warrior but does no damage.
The centaur warrior hits you with the +9 trident of Ijanelel {holy, rElec rC- rCorr}!
You block the centaur warrior's attack.
You closely miss the centaur warrior.
The centaur warrior is lightly wounded.
A troll comes into view.
The wall freezes the centaur warrior.
You block the centaur warrior's attack.
The centaur warrior kicks you but does no damage.
You thump the centaur warrior!
Your weapon exudes an aura of protection.
The centaur warrior is moderately wounded.
The wall freezes the centaur warrior.
The centaur warrior closely misses you.
The centaur warrior kicks you but does no damage.
The wall freezes the centaur warrior.
The centaur warrior hits you with the +9 trident of Ijanelel {holy, rElec rC- rCorr}!
You block the centaur warrior's attack.
The wall freezes the acid dragon.
The acid dragon bites you.
The acid dragon claws you but does no damage.
You barely miss the centaur warrior.
The centaur warrior is heavily wounded.
The wall freezes the centaur warrior but does no damage.
The centaur warrior hits you with the +9 trident of Ijanelel {holy, rElec rC- rCorr}.
The centaur warrior closely misses you.
The wall freezes the centaur warrior.
The centaur warrior hits you with the +9 trident of Ijanelel {holy, rElec rC- rCorr}!
The centaur warrior kicks you but does no damage.
The wall freezes the acid dragon.
The acid dragon closely misses you.
The acid dragon claws you but does no damage.
You hit the centaur warrior.
The centaur warrior is severely wounded.
The wall freezes the centaur warrior.
The centaur warrior hits you with the +9 trident of Ijanelel {holy, rElec rC- rCorr}.
You block the centaur warrior's attack.
The wall freezes the acid dragon but does no damage.
The acid dragon spits acid at you. The splash of acid hits you!
* * * LOW HITPOINT WARNING * * *
The wall freezes the centaur warrior.
The centaur warrior hits you with the +9 trident of Ijanelel {holy, rElec rC- rCorr}.
* * * LOW HITPOINT WARNING * * *
The centaur warrior kicks you.
* * * LOW HITPOINT WARNING * * *
You hear a shout! x4
Unknown command.
Blink to where?
Press: ? - help, Dir - move target Your frozen ramparts will break if you move.
Continue?
The frozen ramparts melt away as you move.
As you read the scroll of blinking, it crumbles to dust.
The centaur warrior unwields the +9 trident of Ijanelel {holy, rElec rC- rCorr}.
It stops glowing.
The centaur warrior wields a +0 longbow.
The centaur warrior shoots an arrow.
The arrow hits you!
* * * LOW HITPOINT WARNING * * *
You see here a +0 club.
The acid dragon spits acid at you. The splash of acid hits you!!
You die...
Fedhas appreciates your contribution to the ecosystem.

##..##..##...........#.....
#....................##...#
###..#.......#######..#....
###..#.......###.## ##......
##...........###.#.#####.....
##.....########.#.#.##.#######
#....#.#.#.#.#..#.#.#.#.###.#
#....#.#.#.#.#..#.#.#.#.##.###
#......#.#.#.@#.#.#.#.#.#.#...
##.....#.#.#.##.#.#.#.#..#####
####.....#...).##.#.#.#.#..# ##.
##.#####..###.####.#.#.#.#.####.#
#..#.#...##D.## ##.##.#.####....
#.......##c### #####.####.....
##<....##.### #####..8...
###....##.##.#### #..#....
)..>...###.#.#.D## #...._._


You could see a centaur warrior and an acid dragon (catching breath).

Vanquished Creatures
  Pikel (D:5)
  2 gargoyles (D:8)
  A hornet (D:8)
  2 wyverns (D:8)
  5 water moccasins
  4 orc warriors
  3 ice beasts
  2 black bears
  3 sky beasts
  An ogre (D:5)
  2 centaurs
  A phantom (D:4)
  A lemure (D:5)
  A kobold brigand (D:7)
  7 bullfrogs
  A gnoll sergeant (D:8)
  A scorpion (D:5)
  19 wights
  4 killer bees (D:8)
  4 howler monkeys
  5 hounds
  2 orc priests
  A gnoll bouda (D:8)
  2 iguanas (D:6)
  10 orc wizards
  10 gnolls
  6 adders
  2 white imps (D:8)
  3 ufetubi
  2 worms
  4 dart slugs
  46 orcs
  4 endoplasms
  A giant cockroach (D:3)
  5 goblins
  3 hobgoblins
  4 jackals (D:2)
  A quokka (D:3)
  6 ball pythons
  6 bats
  3 frilled lizards
  11 kobolds
  3 rats (D:3)
205 creatures vanquished.

Vanquished Creatures (collateral kills)
  An orc wizard (D:7)
1 creature vanquished.

Vanquished Creatures (others)
  A sleepcap (D:8)
  An orc wizard (D:8)
2 creatures vanquished.

Grand Total: 208 creatures vanquished

Notes
Turn   | Place    | Note
-------+----------+-------------------------------------------
     0 | D:1      | GloriousHammer the Ogre Ice Elementalist began the quest
                  | for the Orb.
     0 | D:1      | Reached XP level 1. HP: 16/16 MP: 3/3
   334 | D:1      | Reached XP level 2. HP: 24/24 MP: 3/5
  1070 | D:2      | Reached XP level 3. HP: 18/31 MP: 0/7
  1930 | D:3      | Found a stormy altar of Qazlal.
  1956 | D:3      | Reached XP level 4. HP: 34/39 MP: 8/8
  2465 | D:3      | Learned a level 3 spell: Frozen Ramparts
  2469 | D:3      | Learned a level 3 spell: Ozocubu's Armour
  2645 | D:4      | Reached skill level 1 in Fighting
  2645 | D:4      | Reached XP level 5. HP: 28/48 MP: 10/10
  2786 | D:4      | Found a staircase to the Ecumenical Temple.
  2793 | D:4      | Reached skill level 1 in Maces & Flails
  2827 | Temple   | Entered the Ecumenical Temple
  3179 | D:4      | Reached skill level 5 in Ice Magic
  3396 | D:4      | Reached XP level 6. HP: 49/57 MP: 11/11
  3605 | D:4      | Found Ujireusm's General Store.
  3612 | D:4      | Bought 3 potions of curing for 99 gold pieces
  3612 | D:4      | Bought a scroll of identify for 22 gold pieces
  3612 | D:4      | Bought a scroll of teleportation for 33 gold pieces
  3692 | D:4      | Found a hide-covered altar of Uskayaw.
  3694 | D:4      | Found an ancient bone altar of Kikubaaqudgha.
  3694 | D:4      | Found a blossoming altar of Fedhas.
  3696 | D:4      | Found a shimmering altar of Xom.
  3696 | D:4      | Found a shadowy altar of Dithmenos.
  3696 | D:4      | Found a broken altar of Ashenzari.
  4038 | Temple   | Became a worshipper of Fedhas Madash
  4125 | D:5      | Entered Level 5 of the Dungeon
  4215 | D:5      | Reached skill level 1 in Invocations
  4263 | D:5      | Noticed a black bear
  4286 | D:5      | Killed a black bear
  4287 | D:5      | Reached XP level 7. HP: 61/66 MP: 13/13
  4411 | D:5      | Learned a level 4 spell: Summon Ice Beast
  4413 | D:5      | Identified the +3 leather armour "Egoyf" {rF+ Str+6}
  4770 | D:5      | Noticed Pikel
  4788 | D:5      | Killed Pikel
  4789 | D:5      | Reached skill level 1 in Summonings
  4789 | D:5      | Reached XP level 8. HP: 61/78 MP: 3/15
  5224 | D:6      | Reached skill level 5 in Spellcasting
  5736 | D:6      | Reached * piety under Fedhas
  5918 | D:6      | Reached skill level 5 in Fighting
  5988 | D:6      | Reached skill level 5 in Maces & Flails
  6018 | D:6      | Reached XP level 9. HP: 54/85 MP: 11/16
  6911 | D:6      | Found an ornate altar of the Wu Jian Council.
  7466 | D:4      | Learned a level 3 spell: Teleport Other
  7528 | D:7      | Reached ** piety under Fedhas
  7652 | D:7      | Found Ixunycot's Lightly-Used Armoury.
  7798 | D:7      | Reached skill level 1 in Translocations
  8339 | D:7      | Reached skill level 5 in Dodging
  8544 | D:7      | Found a glowing silver altar of Zin.
  8544 | D:7      | Noticed an angel
  8693 | D:7      | Reached skill level 5 in Invocations
  8801 | D:7      | Found an ancient bone altar of Kikubaaqudgha.
  9052 | D:7      | Reached XP level 10. HP: 100/100 MP: 11/17
  9156 | D:7      | Found a bloodstained altar of Trog.
  9401 | D:8      | Reached *** piety under Fedhas
  9474 | D:8      | Paralysed by a hornet for 2 turns
 10130 | D:8      | Found a glowing silver altar of Zin.
 10194 | D:8      | Found a blossoming altar of Fedhas.
 10194 | D:8      | Found a radiant altar of Vehumet.
 10194 | D:8      | Found an ornate altar of the Wu Jian Council.
 10322 | D:8      | Noticed a gargoyle
 10337 | D:8      | Killed a gargoyle
 10340 | D:8      | Noticed a gargoyle
 10799 | D:8      | Reached **** piety under Fedhas
 11212 | D:8      | Found a snail-covered altar of Cheibriados.
 11350 | D:8      | Killed a gargoyle
 11351 | D:8      | Reached skill level 1 in Shields
 11527 | D:8      | Noticed a centaur warrior
 11533 | D:8      | Noticed a deep elf pyromancer
 12115 | D:8      | Identified the +9 trident of Ijanelel {holy, rElec rC-
                  | rCorr}
 12115 | D:8      | Identified the amulet "Usauddij" {Faith rF- rC+ rN+ Str+6}
 12160 | D:8      | Killed from afar by an acid dragon

Illustrated notes

Levels and vault maps discovered:
D:1:      dpeg_arrival_rooms_c, layout_basic, minmay_hexomino_f4
D:2:      layout_loops_ring, moated_statue
D:3:      layout_basic, mainiacjoe_overflow_surrounded_room
D:4:      layout_gridville, doesnt_xom_only_xom,
          minmay_temple_entry_proselytizer, serial_shops, shop
D:5:      layout_basic, serial_bayou_ford_a, kennysheep_crisscross, uniq_pikel
D:6:      layout_cave_pools, nicolae_wu_jian_wuxing_cycle, due_unseen_surprise
D:7:      layout_loops_cross, zin_angel, lemuel_crystal_altar,
          trog_three_pillars_becter, minmay_shop_damaged
D:8:      minmay_the_grid_octo_tiled_squarecenter [minmay_the_grid_octo_toaster,
          minmay_the_grid_octo_fan_narrow, minmay_the_grid_octo_pinwheel,
          minmay_the_grid_octo_shrine,
          minmay_the_grid_square_5x5_megaprize_checkered,
          minmay_the_grid_square_5x5_minivault,
          minmay_the_grid_square_5x5_three,
          minmay_the_grid_square_5x5_almost_minimal,
          minmay_the_grid_square_5x5_mess], layout_cave_pools, slow_altar_2,
          grunt_ministairs_7
Temple:   minmay_temple_curvy_loop

Skill      XL: |  1  2  3  4  5  6  7  8  9 10 |
---------------+-------------------------------+-----
Ice Magic      | 4 5 |  5.2
Spellcasting   | 3 4 5 |  5.0
Fighting       | 1 2 3 5 6 8 |  8.2
Maces & Flails | 1 2 3 5 6 8 |  8.2
Dodging        | 2 3 4 5 6 |  6.1
Invocations    | 1 2 3 5 6 |  6.5
Summonings     | 1 2 |  2.0
Translocations | 2 3 |  3.6
Shields        | 1 |  1.6
Stealth        | |  1.4

Action                     |  1- 3 |  4- 6 |  7- 9 | 10-12 || total
---------------------------+-------+-------+-------+-------++-------
  Melee: Unarmed           |     3 |       |       |       ||     3
         Whip              |    13 |    26 |    54 |       ||    93
         Dire flail        |       |       |   140 |    94 ||   234
         Flail             |       |       |       |    32 ||    32
   Fire: Sling             |    81 |    57 |       |       ||   138
  Throw: Boomerang         |       |     2 |       |       ||     2
   Cast: Freeze            |    32 |    13 |       |       ||    45
         Frozen Ramparts   |       |    13 |    37 |    30 ||    80
         Ozocubu's Armour  |       |     7 |    32 |    17 ||    56
         Summon Ice Beast  |       |       |     1 |       ||     1
 Invoke: Wall of Briars    |       |       |       |     1 ||     1
  Evoke: Wand              |       |       |     2 |     1 ||     3
    Use: Scroll            |       |     3 |     4 |     4 ||    11
         Potion            |       |       |     1 |       ||     1
   Stab: Sleeping          |     1 |       |     1 |     1 ||     3
 Armour: Robe              |    27 |    17 |    62 |    34 ||   140
  Dodge: Dodged            |    45 |    26 |    97 |    85 ||   253
  Block: Kite shield       |       |       |       |    16 ||    16
